 Dungeon Crawl Stone Soup version 0.16.1-7-g2c6721e (webtiles) character file.

170 Lareridan the Firebug (level 5, -1/39 HPs)
             Began as a Draconian Fire Elementalist on Mar 29, 2015.
             Slain by a gnoll
             ... wielding a +0 spear
              (6 damage)
             ... on level 3 of the Dungeon.
             The game lasted 00:23:43 (2681 turns).

Lareridan the Firebug (Draconian Fire Elementalist) Turns: 2681, Time: 00:23:43

Health: -1/39      AC: 10    Str: 10    XL:     5   Next: 26%
Magic:  0/11       EV:  6    Int: 17    God:
Gold:   132        SH:  0    Dex: 11    Spells: 1 memorised, 9 levels left

rFire  . . .     SeeInvis .     f - +1 short sword (protect)
rCold  . . .     Clarity  .     (armour unavailable)
rNeg   . . .     SustAb   .     (no shield)
rPois  .         Gourm    .     (helmet restricted)
rElec  .         Spirit   .     (no cloak)
rCorr  .         Warding  .     (no gloves)
rMut   .         Stasis   .     (no boots)
MR     .....                    (no amulet)
Stlth  +.........               (no ring)
                                s - ring of loudness (curse)

@: very slightly contaminated, held, not resistant to hostile enchantments, very
unstealthy
A: unfitting armour, cold-blooded, AC +5
a: no special abilities


You were on level 3 of the Dungeon.
You were hungry.

You visited 1 branch of the dungeon, and saw 3 of its levels.

You collected 132 gold pieces.

Inventory:

Hand weapons
 a - a +0 club
 e - a +0 dagger
 f - a +1 short sword of protection (weapon)
 k - a +0 hunting sling
 m - a +6 dagger of holy wrath
 t - a +2 vampiric short sword
Missiles
 g - 19 sling bullets
Armour
 h - a +0 pair of gloves
 i - a +0 scale mail
 n - a +0 robe
Jewellery
 s - a cursed ring of loudness (left hand)
Magical devices
 j - a wand of random effects (23)
 o - a wand of flame (18)
Scrolls
 d - a scroll of immolation
 p - a scroll of identify {unknown}
Books
 b - a book of Flames

   Spells                             Type                      Level
   a - Flame Tongue                   Conjuration/Fire             1
   b - Throw Flame                    Conjuration/Fire             2
   c - Conjure Flame                  Conjuration/Fire             3
   d - Inner Flame                    Hexes/Fire                   3
   e - Sticky Flame                   Conjuration/Fire             4
   f - Fireball                       Conjuration/Fire             5
 r - a Young Poisoner's Handbook

   Spells                             Type                      Level
   a - Sting                          Conjuration/Poison           1
   b - Cure Poison                    Poison                       2
   c - Mephitic Cloud                 Conjuration/Poison/Air       3
   d - Olgreb's Toxic Radiance        Poison                       4
   e - Venom Bolt                     Conjuration/Poison           5
Comestibles
 c - 3 bread rations
 l - 2 chunks of flesh
 q - a beef jerky


   Skills:
 + Level 0.4 Fighting
 * Level 1.7 Short Blades
 + Level 2.5 Dodging
 + Level 1.8 Stealth
 + Level 3.0 Spellcasting
 + Level 2.1 Conjurations
 + Level 3.9 Fire Magic


You had 9 spell levels left.
You knew the following spells:

 Your Spells              Type           Power        Failure   Level  Hunger
a - Flame Tongue          Conj/Fire      ##...        6%          1    None


Dungeon Overview and Level Annotations

Branches:
Dungeon (3/15)

Altars:


Innate Abilities, Weirdness & Mutations

Your plain brown scales are hard (AC +5).
Your body does not fit into most forms of armour.
Your cold-blooded metabolism reacts poorly to cold.


Message History

The gnoll hits you with a whip!
* * * LOW HITPOINT WARNING * * *
You hit the gnoll.
You kill the gnoll!
The gnoll hits you from afar with a spear.
* * * LOW HITPOINT WARNING * * *
The gnoll throws a throwing net.
The throwing net hits you.
You become entangled in the net!
You see here a throwing net.
You try to slip out of the net.
Casting: Flame Tongue
Confirm with . or Enter, or press ? or * to list all spells.
Aiming: Flame Tongue
Press: ? - help, Shift-Dir - straight line, f/p - gnoll
Aim: a gnoll, wielding a spear (lightly wounded)
You miscast Flame Tongue.
You are very lightly contaminated with residual magic.
Nothing appears to happen.
The gnoll hits you from afar with a spear.
You die...

#........###....#####
#........'.'....#...)
.#<.#........###...##.###
......................# #
.#.#####.############## #
#....#.. # #.##...##.# #
#.........####
#.#####@###....#
#........g)....+
#..########)...# ..?...#
....... ..##... #.# . ..
.#


You could see a gnoll.

Vanquished Creatures
  Ijyb (D:2)
  Jessica (D:2)
  2 gnolls (D:3)
  5 adders
  A giant mite (D:2)
  3 giant geckos
  An ooze (D:2)
  A giant cockroach (D:2)
  3 hobgoblins
  4 jackals (D:2)
  13 kobolds
  A quokka (D:2)
  6 bats
  4 giant newts
  10 goblins
  6 rats
62 creatures vanquished.

Notes
Turn   | Place    | Note
--------------------------------------------------------------
     0 | D:1      | Lareridan, the Draconian Fire Elementalist, began the quest for the Orb.
     0 | D:1      | Reached XP level 1. HP: 14/14 MP: 3/3
   447 | D:1      | Reached XP level 2. HP: 20/20 MP: 0/4
  1047 | D:2      | Reached XP level 3. HP: 26/26 MP: 3/6
  1048 | D:2      | Noticed Jessica
  1054 | D:2      | Killed Jessica
  1201 | D:2      | Reached XP level 4. HP: 29/33 MP: 4/8
  1407 | D:2      | Reached skill level 1 in Short Blades
  1916 | D:2      | Noticed Ijyb
  1935 | D:2      | Killed Ijyb
  2188 | D:2      | Reached XP level 5. HP: 39/39 MP: 2/11
  2681 | D:3      | Slain by a gnoll

Action                   |  1- 3 |  4- 6 || total
-------------------------+-------+-------++-------
Melee: Unarmed           |    28 |       ||    28
       Dagger            |    15 |       ||    15
       Short sword       |    21 |    58 ||    79
 Cast: Flame Tongue      |    40 |    67 ||   107
  Use: Scroll            |     1 |     4 ||     5
       Potion            |       |     3 ||     3
  Eat: Chunk             |     2 |     4 ||     6
